Map: [EWC] Ghost River

Players

GuMiho - Winner!

  • Race: Terran Terran
  • Spawn Location: 11:00

Astrea

  • Race: Protoss Protoss
  • Spawn Location: 1:00

Event: Esports World Cup 2024

VOD

Have the link to the VOD?

Description

Time

  • Played on: Aug. 14, 2024, 8:13 a.m.
  • Length: 7:27

All games in this series

Show
View Real Time Build Order
Export as new Build Order

GuMiho Terran - Winner!

Build Orders: 1/1/1, Cyclone Opening 

Get SALT Encoding   

  12  0:00  SCV  
  13  0:12  SCV  
  14  0:17  Supply Depot  
  14  0:24  SCV  
  15  0:38  SCV  
  15  0:39  Barracks  
  16  0:45  Refinery  
  16  0:50  SCV  
  16  0:54  Refinery  
  17  1:03  SCV  
  18  1:15  SCV  
  19  1:27  Orbital Command  
  19  1:32  Factory  
  19  1:38  Supply Depot  
  19  1:41  Reaper  
  20  1:52  SCV  
  21  2:04  Supply Depot, SCV  
  22  2:15  Cyclone  
  24  2:16  Starport  
  24  2:22  SCV  
  25  2:34  SCV  
  26  2:46  SCV  
  26  2:47  Cyclone  
  29  2:52  Medivac  
  31  3:04  Command Center  
  32  3:19  Supply Depot  
  31  3:20  Barracks  
  31  3:22  Barracks Reactor  
  31  3:26  Factory Tech Lab  
  31  3:29  Liberator  
  34  3:36  SCV  
  34  3:44  Siege Tank  
  34  3:48  SCV  
  38  3:59  Marine  
  38  4:00  SCV, Marine  
  41  4:12  SCV  
  41  4:16  Siege Tank  
  45  4:23  Marine x2  
  45  4:24  Barracks Tech Lab, SCV  
  48  4:37  Supply Depot, SCV  
  49  4:39  Medivac  
  49  4:41  Marine  
  49  4:44  Marine x2  
  54  4:49  SCV  
  55  4:58  Marine  
  56  5:02  SCV, Marine  
  56  5:03  Orbital Command  
  58  5:10  Marine  
  58  5:14  Siege Tank, SCV  
  62  5:16  Marine  
  64  5:22  Marine  
  64  5:23  Medivac  
  64  5:27  SCV  
  64  5:28  Marine  
  69  5:29  SCV  
  69  5:33  Supply Depot  
  70  5:36  Stimpack  
  70  5:54  Marine x3  
  70  5:57  Siege Tank  
  73  6:05  SCV x2  
  73  6:08  Supply Depot x2, Engineering Bay  
  75  6:12  Marine x3  
  73  6:29  Siege Tank  
  73  6:30  Marine x3  
  78  6:35  Missile Turret  
  77  6:43  SCV x2  
  77  6:44  Barracks  
  77  6:45  Barracks  
  74  6:47  Marine x2  
  74  6:52  Marine  
  77  6:55  SCV x2  
  79  7:05  Marine x2  
  79  7:06  Missile Turret  
  81  7:09  SCV  
  81  7:15  SCV  
Show
View Real Time Build Order
Export as new Build Order

Astrea Protoss 

Build Orders: Dark Templar Rush 

Get SALT Encoding   

  12  0:00  Probe  
  13  0:12  Probe  
  14  0:16  Pylon  
  14  0:24  Probe (Chrono Boost)  
  16  0:36  Gateway, Probe (Chrono Boost)  
  16  0:43  Probe (Chrono Boost)  
  16  0:44  Assimilator  
  17  0:51  Probe  
  17  0:53  Assimilator  
  18  1:03  Probe (Chrono Boost)  
  19  1:09  Pylon  
  19  1:12  Probe (Chrono Boost)  
  19  1:17  Probe (Chrono Boost)  
  20  1:24  Cybernetics Core, Zealot  
  23  1:29  Probe  
  24  1:41  Probe  
  25  1:53  Probe  
  26  1:59  Stalker (Chrono Boost)  
  26  2:00  Warp Gate  
  28  2:01  Twilight Council  
  28  2:05  Probe  
  29  2:17  Probe  
  29  2:19  Pylon  
  29  2:20  Pylon  
  31  2:37  Stalker  
  31  2:38  Dark Shrine  
  31  2:40  Gateway  
  32  3:03  Nexus  
  32  3:10  Probe  
  32  3:12  Sentry  
  34  3:22  Probe  
  34  3:26  Robotics Facility  
  35  3:34  Probe  
  32  3:49  Stalker  
  32  3:55  Stalker  
  35  3:56  Probe  
  35  4:08  Probe  
  36  4:18  Probe  
  36  4:21  Stalker x2  
  36  4:23  Probe  
  40  4:31  Blink (Chrono Boost)  
  40  4:38  Probe  
  41  4:41  Probe  
  43  4:56  Stalker x2  
  46  5:02  Shield Battery  
  46  5:09  Gateway  
  46  5:14  Phoenix  
  46  5:22  Stalker  
  46  5:23  Stalker  
  50  5:33  Pylon  
  50  5:35  Gateway  
  48  5:46  Stalker x2  
  52  6:05  Stalker  
  52  6:07  Pylon  
  52  6:09  Zealot x2  
  50  6:30  Stalker x4  
  48  6:56  Sentry  
  48  6:57  Stalker x2  
  53  7:02  Stalker  
Tags
 
Add a new tag
Caveats
  • Supply blocks, unpowered buildings, or Contaminate may cause inaccurate times.
  • Supply counts are checked every 10 seconds.